 Dungeon Crawl Stone Soup version 0.17-a0-1655-g88a8506 (webtiles) character file.

431 KINGKRU the Covered (level 7, 0/53 HPs)
             Began as a Human Wanderer on Aug 15, 2015.
             Was a Believer of Nemelex Xobeh.
             Slain by a wight
             ... wielding a +1 battleaxe
              (2 damage)
             ... on level 6 of the Dungeon.
             The game lasted 00:21:48 (5037 turns).

KINGKRU the Covered (Human Wanderer)                Turns: 5037, Time: 00:21:48

Health: 0/53       AC:  9    Str: 14    XL:     7   Next: 19%
Magic:  7/7        EV: 10    Int: 12    God:    Nemelex Xobeh [**....]
Gold:   257        SH:  0    Dex: 13    Spells: 0 memorised, 6 levels left

rFire  . . .     SeeInvis .     g - +1 falchion (distort)
rCold  . . .     Clarity  .     a - +2 scale mail
rNeg   . . .     SustAt   .     (no shield)
rPois  x         Gourm    .     (no helmet)
rElec  .         Spirit   .     (no cloak)
rCorr  .         Warding  .     (no gloves)
rMut   .         Stasis   .     (no boots)
MR     .....                    (no amulet)
Stlth  ..........               (no ring)
                                (no ring)

@: poison vulnerable, drained, not resistant to hostile enchantments, extremely
unstealthy
A: spit poison 1
a: Spit Poison, Renounce Religion


You were on level 6 of the Dungeon.
You worshipped Nemelex Xobeh.
Nemelex Xobeh was pleased with you.
You were not hungry.

You visited 1 branch of the dungeon, and saw 6 of its levels.

You collected 257 gold pieces.

Inventory:

Hand weapons
 b - a +1 mace
 d - a +0 dagger
 g - a +1 falchion of distortion (weapon)
Missiles
 k - 5 needles of frenzy
Armour
 a - a +2 scale mail (worn)
Magical devices
 l - a wand of magic darts (36)
 m - a wand of fire (6)
 q - a wand of cold (3)
Scrolls
 e - 4 scrolls of identify
 i - a scroll of blinking
 o - a scroll of remove curse
 s - a scroll of enchant armour {unknown}
 t - a scroll of teleportation
Potions
 c - a potion of lignification
 h - 2 potions of curing
 n - a potion of resistance {unknown}
 p - 2 potions of invisibility {unknown}
Miscellaneous
 f - a plain deck of war {drawn: 3}
 j - a plain deck of war {drawn: 2}
 r - a plain deck of destruction {drawn: 1}
 u - a legendary deck of escape {drawn: 1}


   Skills:
 + Level 3.7(3.1) Fighting
 + Level 0.4(0.0) Long Blades
 + Level 2.1(1.9) Maces & Flails
   Level 2.0(1.8) Staves
 + Level 1.1(0.5) Throwing
 + Level 4.4(3.8) Armour
 + Level 3.4(2.8) Dodging
 + Level 2.3(1.7) Stealth
 + Level 0.2(0.0) Evocations


You had 6 spell levels left.
You didn't know any spells.

Dungeon Overview and Level Annotations

Branches:
Dungeon (6/15)             Temple (0/1) D:5

Altars:
Fedhas
Nemelex Xobeh


Innate Abilities, Weirdness & Mutations

You can spit weak poison.


Message History

The bolt of poison misses the worker ant.
Releasing that poison leaves you vulnerable to poison.
The adder closely misses you. The wight closely misses you.
The wight hits you with a short sword.
* * * LOW HITPOINT WARNING * * *
You feel drained.
* * * LOW HITPOINT WARNING * * *
The gnoll sergeant barely misses you. The gnoll closely misses you.
Evoke which item? (* to show all) (? for menu, Esc to quit)
You draw a card...
It is the Shaft.
A shaft materialises beneath you!
The giant cockroach falls through a shaft!
The wight falls through a shaft!
A shaft opens up in the floor!
A gold piece falls through the shaft.
The adder closely misses you. The worker ant bites you.
* * * LOW HITPOINT WARNING * * *
The wight hits you but does no damage.
The gnoll sergeant hits you but does no damage.
The wight hits you with an enchanted battleaxe.
You die...
Your body disappears without a glow.

.. . .## #. ..
#.# #.##
#..##..## <#
###......####..#
.......a≈≈.....#.
###.S@z$.$.$.$
####...zgg§....#.
........Z....###
#...............
.(...........##..
####........## .
...####?..# .....
...$.. a....
...(.#


You could see a gnoll sergeant, a worker ant, 2 wights, a gnoll, an adder and a
hound skeleton.

Vanquished Creatures
  A scorpion (D:4)
  A wight (D:6)
  2 worker ants (D:4)
  6 adders
  5 gnolls
  2 oozes (D:2)
  2 worms
  An adder skeleton (D:5)
  5 giant geckos
  2 orcs (D:4)
  8 bats
  6 giant cockroaches
  8 goblins
  2 hobgoblins
  7 jackals (D:1)
  7 kobolds
  4 quokkas
  3 giant newts
  15 rats
87 creatures vanquished.

Vanquished Creatures (collateral kills)
  A wight (D:6)
  2 worker ants
  A gnoll (D:6)
  An orc (D:4)
5 creatures vanquished.

Vanquished Creatures (others)
  A jelly (D:5)
1 creature vanquished.

Grand Total: 93 creatures vanquished

Notes
Turn   | Place    | Note
--------------------------------------------------------------
     0 | D:1      | KINGKRU the Human Wanderer began the quest for the Orb.
     0 | D:1      | KINGKRU set off with: a +2 scale mail, a +0 mace, a potion of lignification, a +0 dagger, a bread ration
     0 | D:1      | Reached XP level 1. HP: 16/16 MP: 1/1
    25 | D:1      | Reached XP level 2. HP: 22/22 MP: 2/2
   386 | D:1      | Reached XP level 3. HP: 28/28 MP: 3/3
  1082 | D:2      | Reached XP level 4. HP: 34/34 MP: 4/4
  1417 | D:2      | Reached skill level 3 in Armour
  1930 | D:2      | Gained mutation: Scrolls take you a little longer to read. [potion of mutation]
  1930 | D:2      | Gained mutation: You can spit weak poison. [potion of mutation]
  1930 | D:2      | Lost mutation: Scrolls take you a little longer to read. [potion of mutation]
  2194 | D:2      | Found a faded altar to an unknown god.
  2203 | D:2      | Reached skill level 1 in Maces & Flails
  2405 | D:2      | Reached XP level 5. HP: 30/40 MP: 5/5
  2410 | D:2      | Became a worshipper of Nemelex Xobeh the Trickster
  2410 | D:2      | Received a gift from Nemelex Xobeh
  2918 | D:3      | Found a blossoming altar of Fedhas.
  3033 | D:3      | Received a gift from Nemelex Xobeh
  4157 | D:4      | Reached skill level 4 in Armour
  4157 | D:4      | Reached XP level 6. HP: 28/47 MP: 6/6
  4457 | D:5      | Entered Level 5 of the Dungeon
  4651 | D:5      | Received a gift from Nemelex Xobeh
  4789 | D:5      | Found a staircase to the Ecumenical Temple.
  5011 | D:6      | Received a gift from Nemelex Xobeh
  5028 | D:6      | Reached XP level 7. HP: 50/52 MP: 7/7
  5037 | D:6      | HP: 2/53 [worker ant (6)]
  5037 | D:6      | Slain by a wight

Vault maps used:
D:1:      erik_arrival_orb_chamber, minmay_unequal
D:2:      kennysheep_big_flooded_room, ecumenical_altar_2, first_bread
D:3:      lemuel_crystal_altar, kennysheep_nondescript
D:4:      kennysheep_mini, uniq_crazy_yiuf_cottage
D:5:      temple_green, minivault_4
D:6:      grunt_gozag_breadcrumbs

Action                   |  1- 3 |  4- 6 |  7- 9 || total
-------------------------+-------+-------+-------++-------
Melee: Mace              |   162 |   169 |       ||   331
       Falchion          |       |    57 |     7 ||    64
Evoke: Deck              |       |     5 |     2 ||     7
  Use: Scroll            |     5 |     4 |       ||     9
       Potion            |       |     5 |       ||     5
  Eat: Bread ration      |     1 |     1 |       ||     2
       Meat ration       |       |     1 |       ||     1
